AoeStats
← Chântalion

Arabia

510163749Analyzed
1v1 RM · 4d ago on Sep 29, 2026· 34m 21s· 2 players
Game mode
Random Map
Map size
Tiny (2 player)
Population
200
Speed
Normal
Resources
Standard
Victory
Conquest
Starting age
Dark Age
Ending age
Imperial Age
RankedLock teamsTeams togetherTeam positionsShared explorationLock speedFull tech treeHidden civsTurbo modeCheats
Victory
Defeat
🇩🇪 Malians · Germany
1137
+16
🇸🇰 Berbers · Slovakia
1128
-16
Chântalion
9:36 Feudal Age
9:48 Loom
10:27 Double-Bit Axe
18:10 Fletching
20:33 Padded Archer Armor
24:34 Castle Age
25:31 Crossbowman
30:19 Scale Barding Armor
30:57 Bow Saw
30:29 Horse Collar
33:24 Bodkin Arrow
NihilB
6:01 Loom
9:47 Feudal Age
10:28 Man-at-Arms
12:45 Horse Collar
12:52 Double-Bit Axe
18:16 Fletching
22:56 Castle Age
22:33 Gold Mining
22:34 Stone Mining
23:11 Scale Barding Armor
23:17 Forging
24:20 Bloodlines
24:23 Light Cavalry
28:28 Bow Saw
29:07 Long Swordsman
29:48 Squires
29:34 Arson
30:17 Town Watch
33:05 Wheelbarrow
34:13 Iron Casting
33:39 Scale Mail Armor
Connection lost

Rejoining the realm…

Still unreachable

The connection could not be restored.

Session expired

The server has moved on; the page needs a fresh start.